 Dungeon Crawl Stone Soup version 0.22.0-32-gbc6daba (webtiles) character file.

34243 Lew the Fighter (level 13, -1/104 HPs)
             Began as a Gnoll Abyssal Knight on Aug 23, 2018.
             Was the Champion of Lugonu.
             Slain by a death yak simulacrum (18 damage)
             ... in an ice cave.
             The game lasted 01:01:56 (14660 turns).

Lew the Fighter (Gnoll Abyssal Knight)             Turns: 14660, Time: 01:01:57

Health: -1/104     AC: 13    Str: 18    XL:     13   Next: 76%
Magic:  0/25       EV: 18    Int: 14    God:    Lugonu [******]
Gold:   1361       SH: 12    Dex: 21    Spells: 12/28 levels left

rFire    + . .     SeeInvis .   e - +6 broad axe of Perfectionism {speed, +Rage +Inv Dex+4}
rCold    . . .     Gourm    .   E - +0 shield
rNeg     . . .     Faith    .   y - +0 acid dragon scales
rPois    +         Spirit   +   s - +1 helmet
rElec    .         Reflect  .   g - +1 cloak {rPois}
rCorr    +         Harm     .   (no gloves)
MR       +....                  (no boots)
Stlth    +++++.....             m - amulet "Jaujus" {Spirit MR+}
HPRegen  0.27/turn              n - ring of protection from fire
MPRegen  0.19/turn              A - ring of stealth

@: no status effects
A: distributed training, fangs 1, strong nose
a: Depart the Abyss, Bend Space, Banish, Corrupt, Enter the Abyss, Brand Weapon
With Distortion, Renounce Religion, Evoke Berserk Rage, Evoke Invisibility


You were in an ice cave.
You worshipped Lugonu.
Lugonu was exalted by your worship.
You were not hungry.

You visited 2 branches of the dungeon, and saw 14 of its levels.
You visited the Abyss 1 time.
You also visited: Ossuary and Ice Cave.

You collected 1510 gold pieces.
You spent 149 gold pieces at shops.

Inventory:

Hand Weapons
 d - a +5 quarterstaff of chaos
 e - the +6 broad axe of Perfectionism (weapon) {speed, +Rage +Inv Dex+4}
   (You found it on level 2 of the Abyss)

   Attacks with this weapon are significantly faster.
   It affects your dexterity (+4).
   It lets you turn invisible.
   It lets you go berserk.
Armour
 g - a +1 cloak of poison resistance (worn)
 s - a +1 helmet (worn)
 y - +0 acid dragon scales (worn)
 D - a +0 buckler
 E - a +0 shield (worn)
 F - a +4 plate armour
Jewellery
 h - an uncursed amulet of magic regeneration
 m - the amulet "Jaujus" (around neck) {Spirit MR+}
   (You found it on level 7 of the Dungeon)

   [amulet of guardian spirit]

   It causes incoming damage to be split between your health and magic.
   It affects your resistance to hostile enchantments.
 n - a ring of protection from fire (left hand)
 A - a ring of stealth (right hand)
Wands
 q - a wand of polymorph (11)
 w - a wand of paralysis (3)
 B - a wand of iceblast (9)
 C - a wand of enslavement (29)
Scrolls
 i - 6 scrolls of immolation
 j - 4 scrolls of teleportation
 o - a scroll of fog
 u - 7 scrolls of amnesia
 x - 5 scrolls of remove curse
 G - a scroll of magic mapping
Potions
 a - 2 potions of magic
 b - a potion of curing
 f - 4 potions of agility
 k - a potion of might
 t - a potion of lignification
 v - a potion of haste
 z - a potion of cancellation
 I - 2 potions of flight
Comestibles
 c - 23 rations
 l - 2 chunks of flesh


   Skills:
 + Level 10.6 Fighting
 + Level 8.4 Short Blades
 + Level 8.4 Long Blades
 + Level 9.6 Axes
 + Level 8.4 Maces & Flails
 + Level 8.4 Polearms
 + Level 8.4 Staves
 + Level 8.4 Slings
 + Level 8.4 Bows
 + Level 8.4 Crossbows
 + Level 8.4 Throwing
 + Level 9.6 Armour
 + Level 8.9 Dodging
 + Level 8.4 Stealth
 + Level 8.4 Shields
 + Level 8.4 Unarmed Combat
 + Level 8.4 Spellcasting
 + Level 7.0 Conjurations
 + Level 7.0 Hexes
 + Level 7.0 Charms
 + Level 7.0 Summonings
 + Level 7.0 Necromancy
 + Level 7.0 Translocations
 + Level 7.0 Transmutations
 + Level 7.0 Fire Magic
 + Level 7.0 Ice Magic
 + Level 7.0 Air Magic
 + Level 7.0 Earth Magic
 + Level 7.0 Poison Magic
 + Level 10.2 Invocations
 + Level 8.4 Evocations


You had 12 spell levels left.
You knew the following spells:

 Your Spells              Type           Power        Failure   Level  Hunger
a - Corona                Hex            ####...      1%          1    None
b - Ensorcelled Hibernat  Hex/Ice        ####..       3%          2    None
c - Blink                 Tloc           N/A          3%          2    None
d - Shroud of Golubria    Chrm/Tloc      ####......   3%          2    None
e - Regeneration          Chrm/Necr      ####......   6%          3    ##.....
f - Tukima's Dance        Hex            ####....     6%          3    ##.....
g - Spectral Weapon       Hex/Chrm       ####....     6%          3    ##.....

Your spell library contained the following spells:

 Spells                   Type           Power        Failure   Level  Hunger
 Confusing Touch          Hex            ####..       1%          1    None
 Infusion                 Chrm           ####         1%          1    None
 Magic Dart               Conj           ####         1%          1    None
 Call Imp                 Summ           ####....     3%          2    None
 Searing Ray              Conj           ####..       3%          2    None
 Slow                     Hex            ####....     3%          2    None
 Song of Slaying          Chrm           ####....     3%          2    None
 Confuse                  Hex            ####....     6%          3    ##.....
 Conjure Flame            Conj/Fire      ####....     6%          3    ##.....
 Dazzling Spray           Conj/Hex       ####..       6%          3    ##.....
 Gell's Gravitas          Tloc           ####......   6%          3    ##.....
 Mephitic Cloud           Conj/Pois/Air  ####....     6%          3    ##.....
 Force Lance              Conj/Tloc      ####....     19%         4    ####...
 Fulminant Prism          Conj/Hex       ####......   19%         4    ####...
 Iskenderun's Mystic Bla  Conj           ####....     19%         4    ####...
 Leda's Liquefaction      Hex/Erth       ####......   19%         4    ####...
 Petrify                  Tmut/Erth      ####....     19%         4    ####...
 Bolt of Magma            Conj/Fire/Erth ####......   47%         5    #####..
 Metabolic Englaciation   Hex/Ice        ####......   47%         5    #####..
 Yara's Violent Unravell  Hex/Tmut       ####......   47%         5    #####..
 Iron Shot                Conj/Erth      ####......   96%         6    #######
 Statue Form              Tmut/Erth      ####.....    96%         6    #######
 Shatter                  Erth           ####......   100%        9    #######


Dungeon Overview and Level Annotations

Branches:
Dungeon (13/15)            Temple (1/1) D:6            Lair (0/6) D:8
    Orc (0/2) D:12         Vaults (0/5) D:13

Altars:
Ashenzari
Cheibriados
Dithmenos
Elyvilon
Fedhas
Gozag
Hepliaklqana
Kikubaaqudgha
Makhleb
Nemelex Xobeh
Okawaru
Qazlal
Ru
Sif Muna
Trog
Uskayaw
Vehumet
Wu Jian
Xom
Yredelemnul
Zin
The Shining One
Beogh

Shops:
D:4 *   D:11 %   D:12 ([

Annotations:
D:9 corrupted


Innate Abilities, Weirdness & Mutations

Your experience applies equally to all skills.
You have very sharp teeth.
Your uncanny sense of smell can sniff out nearby items.


Message History

The elephant simulacrum is unaffected.
The death yak simulacrum is unaffected. x2
You block the polar bear simulacrum's attack.
The polar bear simulacrum claws you but does no damage.
You block the polar bear simulacrum's attack.
The death yak simulacrum barely misses you.
Okay, then.
You slash the death yak simulacrum!
The death yak simulacrum is moderately damaged.
You hit the polar bear simulacrum but do no damage.
You slash the death yak simulacrum! You slash the death yak simulacrum!
The death yak simulacrum is severely damaged.
You slash the polar bear simulacrum! You slash the death yak simulacrum!
The polar bear simulacrum closely misses you.
The polar bear simulacrum claws you but does no damage.
You block the polar bear simulacrum's attack.
The death yak simulacrum gores you!
* * * LOW HITPOINT WARNING * * *
The death yak simulacrum freezes you!!
You die...

#### ##
##..##
##..##....##
##...ZZ.....#
#.....Z@∩.∩.#
...##.Z.....#
###....##
##..## ####


You could see 2 death yak simulacra, an elephant simulacrum and a polar bear
simulacrum.

Vanquished Creatures
  A great orb of eyes (D:11)
  A vault guard (D:13)
  2 hydras
  7 death yaks
  3 centaur warriors
  3 two-headed ogres
  A death knight (D:12)
  A tengu warrior (D:11)
  Pikel (D:6)
  2 orc knights
  A deep elf mage (D:13)
  3 cyclopes
  A manticore (D:12)
  6 ugly things
  A cyclops (shapeshifter) (D:13)
  2 rime drakes (D:13)
  A tengu conjurer (D:11)
  A hornet (D:11)
  5 slime creatures (D:13)
  2 hippogriffs
  A wraith (D:13)
  2 shadows
  A wyvern (D:8)
  A vampire (D:12)
  30 yaks
  A human (D:7)
  2 hungry ghosts (D:13)
  2 hogs (D:7)
  4 vampire mosquitoes
  A soldier ant (D:11)
  2 acid dragons
  2 water moccasins
  2 phantoms
  An eye of draining (D:13)
  4 ice beasts
  2 sky beasts
  A necrophage (D:6)
  4 slaves (D:6)
  3 black bears
  13 orc warriors
  6 ogres
  12 centaurs
  A crocodile (D:8)
  3 bullfrogs
  A water moccasin zombie (D:5)
  7 scorpions
  6 killer bees
  5 bullfrog zombies
  3 howler monkeys (D:8)
  5 crimson imps
  5 orc priests
  4 centaur skeletons
  A gnoll shaman (D:7)
  6 hounds
  2 jellies (D:10)
  Crazy Yiuf (D:3)
  2 bullfrog skeletons (D:11)
  Terence (D:2)
  6 iguanas
  4 orc wizards
  8 worker ants
  2 hound zombies
  8 mummies (Ossuary)
  A howler monkey zombie (D:6)
  9 gnolls
  12 adders
  A shadow imp (D:13)
  A white imp (D:10)
  2 oozes
  An adder skeleton (D:6)
  A worm (D:6)
  8 leopard geckos
  48 orcs
  A ball python (D:4)
  2 giant cockroaches (D:1)
  2 gnoll zombies (Ossuary)
  11 goblins
  9 hobgoblins
  5 jackals
  3 quokkas
  11 bats
  8 frilled lizards
  3 hobgoblin zombies (Ossuary)
  A jackal zombie (D:7)
  4 kobolds
  2 kobold zombies (Ossuary)
  An orc zombie (Ossuary)
  5 rats
375 creatures vanquished.

Vanquished Creatures (others)
  Harold (D:9)
  A meliai (D:11)
  A hippogriff (D:9)
  A hungry ghost (D:9)
  A dancing weapon (D:11)
  A centaur (D:9)
  A wyvern zombie (D:9)
  A wyvern skeleton (D:9)
  A scorpion (D:9)
  5 killer bees (D:9)
  2 crimson imps (D:9)
  A hound (D:9)
  An iguana (D:9)
  A worker ant (D:9)
  A worker ant zombie (D:9)
  A shadow imp (D:9)
  2 spectral weapons (D:11)
  6 starspawn tentacles (D:9)
29 creatures vanquished.

Grand Total: 404 creatures vanquished

Notes
Turn   | Place    | Note
-------+----------+-------------------------------------------
     0 | Abyss:1  | Lew the Gnoll Abyssal Knight began the quest for the Orb.
     0 | Abyss:1  | Reached XP level 1. HP: 23/23 MP: 3/3
    79 | Abyss:1  | Noticed an iron imp
    97 | Abyss:2  | Got an encrusted broad axe
    98 | Abyss:2  | Identified the +6 broad axe of Perfectionism {speed, +Rage +Inv Dex+4} (You found it on level 2 of the Abyss)
   119 | Abyss:2  | Found a corrupted altar of Lugonu.
   121 | Abyss:2  | Noticed a ynoxinul
   130 | Abyss:2  | Noticed a small abomination
   147 | Abyss:2  | Noticed a small abomination
   148 | D:1      | Escaped the Abyss
   172 | D:1      | Reached * piety under Lugonu
   183 | D:1      | Reached XP level 2. HP: 29/29 MP: 5/5
   269 | D:1      | Reached XP level 3. HP: 24/35 MP: 6/6
   742 | D:2      | Noticed Terence
   757 | D:2      | Killed Terence
   757 | D:2      | Reached skill level 1 in Short Blades
   757 | D:2      | Reached skill level 1 in Long Blades
   757 | D:2      | Reached skill level 1 in Maces & Flails
   757 | D:2      | Reached skill level 1 in Polearms
   757 | D:2      | Reached skill level 1 in Staves
   757 | D:2      | Reached skill level 1 in Slings
   757 | D:2      | Reached skill level 1 in Bows
   757 | D:2      | Reached skill level 1 in Crossbows
   757 | D:2      | Reached skill level 1 in Throwing
   757 | D:2      | Reached skill level 1 in Stealth
   757 | D:2      | Reached skill level 1 in Shields
   757 | D:2      | Reached skill level 1 in Unarmed Combat
   757 | D:2      | Reached skill level 1 in Spellcasting
   757 | D:2      | Reached skill level 1 in Evocations
   757 | D:2      | Reached XP level 4. HP: 32/41 MP: 7/7
  1136 | D:2      | Reached ** piety under Lugonu
  1472 | D:3      | Reached skill level 1 in Conjurations
  1472 | D:3      | Reached skill level 1 in Hexes
  1472 | D:3      | Reached skill level 1 in Charms
  1472 | D:3      | Reached skill level 1 in Summonings
  1472 | D:3      | Reached skill level 1 in Necromancy
  1472 | D:3      | Reached skill level 1 in Translocations
  1472 | D:3      | Reached skill level 1 in Transmutations
  1472 | D:3      | Reached skill level 1 in Fire Magic
  1472 | D:3      | Reached skill level 1 in Ice Magic
  1472 | D:3      | Reached skill level 1 in Air Magic
  1472 | D:3      | Reached skill level 1 in Earth Magic
  1472 | D:3      | Reached skill level 1 in Poison Magic
  1739 | D:3      | Reached XP level 5. HP: 47/47 MP: 8/8
  1937 | D:3      | Found a runed door.
  2065 | D:3      | Noticed Crazy Yiuf
  2072 | D:3      | Killed Crazy Yiuf
  2242 | D:4      | Found a sand-covered staircase.
  2251 | Ossuary  | Entered an ossuary
  2291 | Ossuary  | Reached skill level 5 in Invocations
  2291 | Ossuary  | Reached XP level 6. HP: 48/53 MP: 9/9
  2614 | D:4      | Found Zin's Purification Station.
  2614 | D:4      | Found a glowing silver altar of Zin.
  2699 | D:4      | Reached skill level 5 in Axes
  2699 | D:4      | Reached skill level 5 in Armour
  2704 | D:4      | Reached *** piety under Lugonu
  2710 | D:4      | Reached XP level 7. HP: 42/59 MP: 10/10
  3332 | D:5      | Entered Level 5 of the Dungeon
  3340 | D:5      | Found an iron altar of Okawaru.
  3636 | D:5      | Reached XP level 8. HP: 63/67 MP: 12/12
  3943 | D:6      | Learned a level 1 spell: Corona
  3946 | D:6      | Learned a level 2 spell: Ensorcelled Hibernation
  3967 | D:6      | Found a snail-covered altar of Cheibriados.
  4228 | D:6      | Found a staircase to the Ecumenical Temple.
  4305 | D:6      | Noticed Pikel
  4318 | D:6      | Killed Pikel
  4318 | D:6      | Reached XP level 9. HP: 28/73 MP: 14/14
  4550 | Temple   | Entered the Ecumenical Temple
  5155 | D:6      | Got a steaming robe
  5157 | D:6      | Identified the +0 robe of Johic {+Inv MR+} (You found it on level 6 of the Dungeon)
  5312 | D:7      | Found a basalt altar of Yredelemnul.
  5338 | D:7      | HP: 2/73 [orc warrior/short sword (11)]
  5733 | D:7      | Found a deep blue altar of Sif Muna.
  5733 | D:7      | Found a hazy altar of Hepliaklqana.
  5733 | D:7      | Found a sparkling altar of Nemelex Xobeh.
  5800 | D:7      | Reached skill level 5 in Dodging
  6069 | D:7      | Got a transparent crystal amulet
  6073 | D:7      | Identified the amulet "Jaujus" {Spirit MR+} (You found it on level 7 of the Dungeon)
  6229 | D:7      | Reached XP level 10. HP: 41/80 MP: 8/17
  6705 | D:8      | Got a fine leather armour
  6713 | D:8      | Reached **** piety under Lugonu
  6827 | D:8      | Reached skill level 5 in Short Blades
  6827 | D:8      | Reached skill level 5 in Long Blades
  6827 | D:8      | Reached skill level 5 in Maces & Flails
  6827 | D:8      | Reached skill level 5 in Polearms
  6827 | D:8      | Reached skill level 5 in Staves
  6827 | D:8      | Reached skill level 5 in Slings
  6827 | D:8      | Reached skill level 5 in Bows
  6827 | D:8      | Reached skill level 5 in Crossbows
  6827 | D:8      | Reached skill level 5 in Throwing
  6827 | D:8      | Reached skill level 5 in Stealth
  6827 | D:8      | Reached skill level 5 in Shields
  6827 | D:8      | Reached skill level 5 in Unarmed Combat
  6827 | D:8      | Reached skill level 5 in Spellcasting
  6827 | D:8      | Reached skill level 5 in Evocations
  6849 | D:8      | Noticed a two-headed ogre
  6873 | D:8      | Killed a two-headed ogre
  7122 | D:8      | Found a burning altar of Makhleb.
  7252 | D:8      | Noticed a death yak
  7253 | D:8      | Noticed a death yak
  7254 | D:8      | Found a staircase to the Lair.
  7254 | D:8      | Noticed a death yak
  7254 | D:8      | Noticed a death yak
  7254 | D:8      | Noticed a death yak
  7289 | D:7      | Killed a death yak
  7337 | D:8      | Noticed a death yak
  7338 | D:8      | Noticed a death yak
  7348 | D:7      | Killed a death yak
  7351 | D:7      | Killed a death yak
  7351 | D:7      | Reached XP level 11. HP: 83/87 MP: 13/19
  7481 | D:7      | Killed a death yak
  7483 | D:7      | Killed a death yak
  7547 | D:8      | Killed a death yak
  7547 | D:8      | Reached skill level 5 in Conjurations
  7547 | D:8      | Reached skill level 5 in Hexes
  7547 | D:8      | Reached skill level 5 in Charms
  7547 | D:8      | Reached skill level 5 in Summonings
  7547 | D:8      | Reached skill level 5 in Necromancy
  7547 | D:8      | Reached skill level 5 in Translocations
  7547 | D:8      | Reached skill level 5 in Transmutations
  7547 | D:8      | Reached skill level 5 in Fire Magic
  7547 | D:8      | Reached skill level 5 in Ice Magic
  7547 | D:8      | Reached skill level 5 in Air Magic
  7547 | D:8      | Reached skill level 5 in Earth Magic
  7547 | D:8      | Reached skill level 5 in Poison Magic
  7557 | D:8      | Killed a death yak
  7821 | D:8      | Identified the cursed +0 leather armour of Shielding {MP+9 Int+4} (You found it on level 8 of the Dungeon)
  8208 | D:9      | Learned a level 2 spell: Blink
  8211 | D:9      | Learned a level 2 spell: Shroud of Golubria
  8215 | D:9      | Learned a level 3 spell: Regeneration
  8215 | D:9      | Corrupted D:9
  8215 | D:9      | Noticed a starcursed mass
  8215 | D:9      | Noticed a starcursed mass
  8215 | D:9      | Noticed a tentacled starspawn
  8215 | D:9      | Noticed a thrashing horror
  8216 | D:9      | Noticed a large abomination
  8226 | D:9      | Noticed a tentacled monstrosity
  8233 | D:9      | Killed Harold
  8237 | D:9      | Noticed a thrashing horror
  8242 | D:9      | Noticed a cacodemon
  8244 | D:9      | Noticed a great orb of eyes
  9060 | D:10     | Entered Level 10 of the Dungeon
  9292 | D:10     | Found a hide-covered altar of Uskayaw.
  9984 | D:10     | Learned a level 3 spell: Tukima's Dance
  9988 | D:10     | Learned a level 3 spell: Spectral Weapon
 10093 | D:11     | Noticed a six-headed hydra
 10113 | D:11     | Killed a 16-headed hydra
 10378 | D:11     | Got a polished arbalest
 10379 | D:11     | Identified the +5 arbalest of Makhleb's Benevolence {venom, *Slow rPois rF- Dex+8} (You found it on level 11 of the Dungeon)
 10715 | D:11     | Noticed a great orb of eyes
 10724 | D:11     | Noticed a red ugly thing
 10725 | D:11     | Noticed a centaur warrior
 10727 | D:11     | Killed a great orb of eyes
 10727 | D:11     | Noticed a purple ugly thing
 10733 | D:11     | Killed a centaur warrior
 10733 | D:11     | Reached XP level 12. HP: 96/96 MP: 17/22
 10749 | D:11     | Reached ***** piety under Lugonu
 10750 | D:11     | Noticed a two-headed ogre
 10778 | D:12     | Noticed a death knight
 10791 | D:11     | Killed a two-headed ogre
 10885 | D:11     | Noticed a tengu warrior
 10922 | D:11     | Noticed a centaur warrior
 10938 | D:11     | Killed a tengu warrior
 10947 | D:11     | Killed a centaur warrior
 11272 | D:11     | Found a roughly hewn altar of Beogh.
 11674 | D:11     | Found Miyb's Food Boutique.
 11733 | D:11     | Reached skill level 10 in Fighting
 12308 | D:12     | Reached XP level 13. HP: 103/103 MP: 24/24
 13104 | D:12     | Found Lebitrym's Armour Shoppe.
 13104 | D:12     | Found a staircase to the Orcish Mines.
 13104 | D:12     | Found Rosox's Weapon Shoppe.
 13208 | D:12     | Bought a +1 helmet for 149 gold pieces
 14112 | D:13     | Reached skill level 10 in Invocations
 14215 | D:13     | Reached ****** piety under Lugonu
 14464 | D:13     | Found a gate to the Vaults.
 14464 | D:13     | Noticed a vault guard
 14505 | D:13     | Killed a vault guard
 14630 | D:13     | Found a frozen archway.
 14653 | IceCv    | Entered an ice cave
 14660 | IceCv    | Slain by a death yak simulacrum

Skill      XL: |  1  2  3  4  5  6  7  8  9 10 11 12 13 |
---------------+----------------------------------------+-----
Short Blades   | 1 2 3 4 5 6 7 8 |  8.4
Long Blades    | 1 2 3 4 5 6 7 8 |  8.4
Maces & Flails | 1 2 3 4 5 6 7 8 |  8.4
Polearms       | 1 2 3 4 5 6 7 8 |  8.4
Staves         | 1 2 3 4 5 6 7 8 |  8.4
Slings         | 1 2 3 4 5 6 7 8 |  8.4
Bows           | 1 2 3 4 5 6 7 8 |  8.4
Crossbows      | 1 2 3 4 5 6 7 8 |  8.4
Throwing       | 1 2 3 4 5 6 7 8 |  8.4
Stealth        | 1 2 3 4 5 6 7 8 |  8.4
Shields        | 1 2 3 4 5 6 7 8 |  8.4
Unarmed Combat | 1 2 3 4 5 6 7 8 |  8.4
Spellcasting   | 1 2 3 4 5 6 7 8 |  8.4
Evocations     | 1 2 3 4 5 6 7 8 |  8.4
Conjurations   | 1 2 3 4 5 6 7 |  7.0
Hexes          | 1 2 3 4 5 6 7 |  7.0
Charms         | 1 2 3 4 5 6 7 |  7.0
Summonings     | 1 2 3 4 5 6 7 |  7.0
Necromancy     | 1 2 3 4 5 6 7 |  7.0
Translocations | 1 2 3 4 5 6 7 |  7.0
Transmutations | 1 2 3 4 5 6 7 |  7.0
Fire Magic     | 1 2 3 4 5 6 7 |  7.0
Ice Magic      | 1 2 3 4 5 6 7 |  7.0
Air Magic      | 1 2 3 4 5 6 7 |  7.0
Earth Magic    | 1 2 3 4 5 6 7 |  7.0
Poison Magic   | 1 2 3 4 5 6 7 |  7.0
Dodging        | 3 4 5 6 7 8 |  8.9
Invocations    | 5 6 7 8 9 10 | 10.2
Axes           | 5 6 7 8 9 |  9.6
Armour         | 5 6 7 8 9 |  9.6
Fighting       | 7 8 9 10 | 10.6

Action                   |  1- 3 |  4- 6 |  7- 9 | 10-12 | 13-15 || total
-------------------------+-------+-------+-------+-------+-------++-------
Melee: Broad axe         |    77 |   108 |   242 |   455 |   300 ||  1182
       Bite              |     5 |     9 |    32 |    60 |    46 ||   152
       Punch             |       |     1 |       |       |       ||     1
 Cast: Ensorcelled Hiber |       |       |     4 |     5 |       ||     9
       Corona            |       |       |     2 |       |       ||     2
       Shroud of Golubri |       |       |       |     9 |       ||     9
       Spectral Weapon   |       |       |       |     6 |     1 ||     7
       Regeneration      |       |       |       |     4 |       ||     4
       Tukima's Dance    |       |       |       |     5 |     2 ||     7
Invok: Depart the Abyss  |     1 |       |       |       |       ||     1
       Corrupt           |       |       |       |     1 |       ||     1
       Bend Space        |       |       |       |       |     2 ||     2
 Abil: Evoke Invisibilit |       |       |       |     4 |     1 ||     5
       Evoke Berserk Rag |       |       |       |     6 |       ||     6
Evoke: Wand              |       |       |       |     5 |     2 ||     7
  Use: Scroll            |     8 |     6 |    12 |     6 |     9 ||    41
       Potion            |     1 |     7 |     5 |     7 |     3 ||    23
 Stab: Sleeping          |     2 |       |     4 |     7 |     3 ||    16
       Invisible         |       |     5 |       |    15 |     6 ||    26
       Confused          |       |       |       |     1 |       ||     1
       Distracted        |       |       |       |     1 |     2 ||     3
       Paralysed         |       |       |       |       |     1 ||     1
  Eat: Chunk             |       |     3 |     7 |    15 |     4 ||    29
       Ration            |       |     1 |     1 |     4 |     2 ||     8
Armor: Leather armour    |    12 |       |       |       |       ||    12
       Ring mail         |     5 |     8 |    49 |       |       ||    62
       Chain mail        |       |    38 |       |       |       ||    38
       Plate armour      |       |       |    21 |       |     2 ||    23
       Scale mail        |       |       |     6 |    95 |       ||   101
       Acid dragon scale |       |       |       |    14 |    27 ||    41
Dodge: Dodged            |    44 |    47 |    98 |   214 |   119 ||   522
Block: Buckler           |       |     9 |    46 |    52 |       ||   107
       Shield            |       |       |       |    93 |   118 ||   211
